 Dungeon Crawl Stone Soup version 0.26.1-11-gd32895ea62 (webtiles) character file.

Game seed: 337315622101105927

1117 vvl the Chopper (level 8, 0/67 HPs)
             Began as a Gnoll Berserker on June 10, 2021.
             Was a Believer of Trog.
             Succumbed to a worker ant's poison
             ... on level 5 of the Dungeon.
             The game lasted 00:11:09 (7152 turns).

vvl the Chopper (Gnoll Berserker)                   Turns: 7152, Time: 00:11:10

Health: 0/67       AC:  3    Str: 17 (20) XL:     8   Next: 34%
Magic:  12/12      EV: 14    Int: 16 (18) God:    Trog [**....]
Gold:   188        SH:  0    Dex: 11 (14) Spells: 13/13 levels left

rFire    . . .     SeeInvis .   a - +0 hand axe
rCold    . . .     Faith    .   (no shield)
rNeg     . . .     Spirit   .   b - +0 animal skin
rPois    .         Reflect  .   (no helmet)
rElec    .         Harm     .   m - +0 cloak
rCorr    .         Rampage  .   (no gloves)
Will     .....                  (no boots)
Stlth    ++........             (no amulet)
HPRegen  0.21/turn              f - +6 ring of intelligence
MPRegen  0.13/turn              (no ring)

@: lethally poisoned (0 -> -17), berserk cooldown, hasted and slowed
A: distributed training, fangs 1, strong nose
a: Renounce Religion, Berserk, Trog's Hand


You were on level 5 of the Dungeon.
You worshipped Trog.
Trog was pleased with you.
You visited 1 branch of the dungeon, and saw 5 of its levels.

You collected 188 gold pieces.

Inventory:

Hand Weapons
 a - a +0 hand axe (weapon)
Armour
 b - a +0 animal skin (worn)
 m - a +0 cloak (worn)
Jewellery
 f - a +6 ring of intelligence (left hand)
Scrolls
 c - a scroll of fog {unknown}
 e - 5 scrolls of identify {unknown}
 g - 3 scrolls of magic mapping {unknown}
 h - 2 scrolls of immolation {unknown}
 j - a scroll of blinking {unknown}
 n - a scroll of remove curse {unknown}
 q - a scroll of fear {unknown}
 r - a scroll of amnesia {unknown}
Potions
 d - a potion of haste
 i - a potion of mutation {unknown}
 k - a potion of invisibility {unknown}
 o - a potion of curing {unknown}
 p - a potion of cancellation {unknown}


   Skills:
 + Level 7.3 Fighting
 + Level 3.2 Short Blades
 + Level 3.2 Long Blades
 + Level 7.3 Axes
 + Level 3.2 Maces & Flails
 + Level 3.2 Polearms
 + Level 3.2 Staves
 + Level 3.2 Slings
 + Level 3.2 Bows
 + Level 3.2 Crossbows
 + Level 3.2 Throwing
 + Level 5.6 Armour
 + Level 5.6 Dodging
 + Level 3.2 Stealth
 + Level 3.2 Shields
 + Level 3.2 Unarmed Combat
 + Level 3.2 Spellcasting
 + Level 2.6 Conjurations
 + Level 2.6 Hexes
 + Level 2.6 Summonings
 + Level 2.6 Necromancy
 + Level 2.6 Translocations
 + Level 2.6 Transmutations
 + Level 2.6 Fire Magic
 + Level 2.6 Ice Magic
 + Level 2.6 Air Magic
 + Level 2.6 Earth Magic
 + Level 2.6 Poison Magic
 + Level 3.5 Invocations
 + Level 3.2 Evocations


You had 13 spell levels left.
You didn't know any spells.
Your spell library contained the following spells:

 Spells                   Type           Power        Failure   Level
 Apportation              Tloc           20%          6%          1


Dungeon Overview and Level Annotations

Branches:
Dungeon (5/15)             Temple (0/1) D:4

Altars:
Gozag
Sif Muna
Trog
The Shining One

Annotations:
D:5 1 runed translucent door


Innate Abilities, Weirdness & Mutations

Your experience applies equally to all skills.
You have very sharp teeth.
Your uncanny sense of smell can sniff out nearby items.


Message History

You hit the soldier ant but do no damage.
The soldier ant is moderately wounded.
You hit the worker ant.
* * * LOW HITPOINT WARNING * * *
You feel very sick. The worker ant closely misses you.
The soldier ant stings you but does no damage.
The worker ant bites you but does no damage.
The soldier ant misses you.
It was a potion of haste.
You feel yourself speed up.
* * * LOW HITPOINT WARNING * * *
You feel very sick. The worker ant bites you.
* * * LOW HITPOINT WARNING * * *
The soldier ant barely misses you. The worker ant bites you.
* * * LOW HITPOINT WARNING * * *
It was a potion of degeneration.
There was something very wrong with that liquid.
You feel weakened.
You feel dopey.
You feel clumsy.
You die...

∆ ########
#...... #.....
#....#######
#...B#.b...# .
#...@B.))$.+ ..
#....#.....# ...
#....#######....
#...............
#...............
########'######
#...# ##.## #.#


You could see a soldier ant and a worker ant.

Vanquished Creatures
  A sky beast (D:5)
  3 phantoms
  An ogre (D:4)
  2 centaurs
  3 scorpions (D:5)
  A killer bee (D:5)
  A bullfrog skeleton (D:4)
  An orc priest (D:3)
  2 worker ants (D:5)
  9 gnolls
  5 adders
  A white imp (D:3)
  2 oozes
  A worm (D:2)
  2 dart slugs
  5 leopard geckos
  5 orcs
  10 giant cockroaches
  9 goblins
  2 hobgoblins
  3 jackals (D:2)
  A quokka (D:4)
  6 bats
  5 frilled lizards
  A jackal skeleton (D:4)
  8 kobolds
  A leopard gecko skeleton (D:4)
  5 rats
96 creatures vanquished.

Notes
Turn   | Place    | Note
-------+----------+-------------------------------------------
     0 | D:1      | vvl the Gnoll Berserker began the quest for the Orb.
     0 | D:1      | Reached XP level 1. HP: 23/23 MP: 1/1
    87 | D:1      | Reached XP level 2. HP: 29/29 MP: 2/2
   603 | D:1      | Reached XP level 3. HP: 35/35 MP: 3/3
   928 | D:2      | Reached ** piety under Trog
   932 | D:2      | Reached skill level 1 in Invocations
   990 | D:2      | Reached skill level 1 in Short Blades
   990 | D:2      | Reached skill level 1 in Long Blades
   990 | D:2      | Reached skill level 1 in Maces & Flails
   990 | D:2      | Reached skill level 1 in Polearms
   990 | D:2      | Reached skill level 1 in Staves
   990 | D:2      | Reached skill level 1 in Slings
   990 | D:2      | Reached skill level 1 in Bows
   990 | D:2      | Reached skill level 1 in Crossbows
   990 | D:2      | Reached skill level 1 in Throwing
   990 | D:2      | Reached skill level 1 in Stealth
   990 | D:2      | Reached skill level 1 in Shields
   990 | D:2      | Reached skill level 1 in Unarmed Combat
   990 | D:2      | Reached skill level 1 in Spellcasting
   990 | D:2      | Reached skill level 1 in Evocations
  1044 | D:2      | Found an opulent altar of Gozag.
  1147 | D:2      | Reached XP level 4. HP: 23/41 MP: 5/5
  1906 | D:3      | Reached skill level 1 in Conjurations
  1906 | D:3      | Reached skill level 1 in Hexes
  1906 | D:3      | Reached skill level 1 in Summonings
  1906 | D:3      | Reached skill level 1 in Necromancy
  1906 | D:3      | Reached skill level 1 in Translocations
  1906 | D:3      | Reached skill level 1 in Transmutations
  1906 | D:3      | Reached skill level 1 in Fire Magic
  1906 | D:3      | Reached skill level 1 in Ice Magic
  1906 | D:3      | Reached skill level 1 in Air Magic
  1906 | D:3      | Reached skill level 1 in Earth Magic
  1906 | D:3      | Reached skill level 1 in Poison Magic
  2342 | D:3      | Found a shimmering blue altar of Sif Muna.
  2355 | D:3      | Identified Sif Muna's Compendium of the Voyage
  2510 | D:3      | Found a bloodstained altar of Trog.
  2522 | D:3      | Reached XP level 5. HP: 20/47 MP: 6/6
  3239 | D:4      | Reached XP level 6. HP: 49/53 MP: 8/8
  3325 | D:4      | Reached skill level 5 in Armour
  3325 | D:4      | Reached skill level 5 in Dodging
  3957 | D:4      | Noticed a phantom
  4035 | D:4      | HP: 1/79 [phantom (9)]
  4036 | D:4      | Killed a phantom
  4037 | D:4      | Reached XP level 7. HP: 1/59 MP: 10/10
  5113 | D:4      | Found a staircase to the Ecumenical Temple.
  6359 | D:5      | Entered Level 5 of the Dungeon
  6369 | D:5      | Found a glowing golden altar of the Shining One.
  6600 | D:5      | Reached XP level 8. HP: 30/67 MP: 12/12
  7109 | D:5      | Found a runed translucent door.
  7112 | D:5      | Found a runed translucent door.
  7151 | D:5      | HP: 2/67 [worker ant (3)]
  7152 | D:5      | Succumbed to a worker ant's poison

Illustrated notes

Levels and vault maps discovered:
D:1:      dpeg_arrival_arbitrary_b, layout_basic
D:2:      layout_basic, grunt_gozag_breadcrumbs
D:3:      layout_rooms, nzn_overflow_gifts_of_might_and_magic,
          minmay_misc_feat_tiny
D:4:      layout_layer_cave, minmay_temple_entry_statues_fountains
D:5:      lemuel_insect_pit, layout_loops_ring, tso_metal_star,
          fedhas_bush_and_centaur_altar

Skill      XL: |  1  2  3  4  5  6  7 |
---------------+----------------------+-----
Invocations    | 1 2 3 |  3.5
Short Blades   | 1 2 3 |  3.2
Long Blades    | 1 2 3 |  3.2
Maces & Flails | 1 2 3 |  3.2
Polearms       | 1 2 3 |  3.2
Staves         | 1 2 3 |  3.2
Slings         | 1 2 3 |  3.2
Bows           | 1 2 3 |  3.2
Crossbows      | 1 2 3 |  3.2
Throwing       | 1 2 3 |  3.2
Stealth        | 1 2 3 |  3.2
Shields        | 1 2 3 |  3.2
Unarmed Combat | 1 2 3 |  3.2
Spellcasting   | 1 2 3 |  3.2
Evocations     | 1 2 3 |  3.2
Conjurations   | 1 2 |  2.6
Hexes          | 1 2 |  2.6
Summonings     | 1 2 |  2.6
Necromancy     | 1 2 |  2.6
Translocations | 1 2 |  2.6
Transmutations | 1 2 |  2.6
Fire Magic     | 1 2 |  2.6
Ice Magic      | 1 2 |  2.6
Air Magic      | 1 2 |  2.6
Earth Magic    | 1 2 |  2.6
Poison Magic   | 1 2 |  2.6
Armour         | 5 |  5.6
Dodging        | 5 |  5.6
Fighting       | 7 |  7.3
Axes           | 7 |  7.3

Action                   |  1- 3 |  4- 6 |  7- 9 || total
-------------------------+-------+-------+-------++-------
Melee: Hand axe          |    90 |   133 |   132 ||   355
       Bite              |     8 |    11 |    19 ||    38
       Punch             |       |     1 |       ||     1
Invok: Berserk           |       |     4 |     5 ||     9
       Trog's Hand       |       |     2 |     3 ||     5
  Use: Potion            |       |       |     2 ||     2
 Stab: Sleeping          |     5 |     2 |     1 ||     8
Armor: Animal skin       |    16 |    13 |    13 ||    42
Dodge: Dodged            |    66 |    72 |    73 ||   211
